 Dungeon Crawl Stone Soup version 0.13.0-13-g27bfa31 (webtiles) character file.

8870 MirrMurr the Grappler (level 11, 0/104 HPs)
             Began as a Troll Healer on Oct 18, 2013.
             Was a Believer of Elyvilon.
             Slain by a nine-headed hydra (8 damage)
             ... on Level 1 of the Lair of Beasts on Oct 19, 2013.
             The game lasted 00:52:17 (8399 turns).

MirrMurr the Grappler (Troll Healer)                Turns: 8399, Time: 00:52:18

HP   0/104       AC  8     Str 22      XL: 11   Next:  9%
MP   2/14        EV 10     Int  8      God: Elyvilon [**....]
Gold 437         SH  0     Dex 12      Spells:  0 memorised, 10 levels left

Res.Fire  : . . .   See Invis. : .     - Unarmed
Res.Cold  : . . .   Warding    : .   h - +1 orc robe {MR+}
Life Prot.: . . .   Conserve   : .   (shield restricted)
Res.Poison: .       Res.Corr.  : .   (helmet restricted)
Res.Elec. : .       Clarity    : .   L - +1 cloak
Sust.Abil.: . .     Spirit.Shd : .   (gloves unavailable)
Res.Mut.  : .       Stasis     : .   (boots unavailable)
Res.Rott. : .       Flight     : .   (no amulet)
Gourmand  : +                        i - ring of wizardry
                                     r - ring of protection from magic

@: very resistant to hostile enchantments, unstealthy
A: unfitting armour, claws 3, horns 1, talons 1, fast metabolism 3, gourmand,
mutation resistance 1, regeneration 2, saprovore 2, tough skin 2, AC +1
a: Lesser Healing, Lesser Self-Healing, Divine Protection, Purification,
Renounce Religion


You were on level 1 of the Lair of Beasts.
You worshipped Elyvilon.
Elyvilon was pleased with you.
You were full.

You visited 2 branches of the dungeon, and saw 10 of its levels.

You collected 337 gold pieces.

Inventory:

Armour
 h - a +1 orcish robe of magic resistance (worn)
 L - a +1 cloak (worn)
Magical devices
 k - a wand of paralysis (16)
 l - a wand of lightning (5) {unknown}
 o - a wand of fireball (5) {unknown}
 s - a wand of confusion (0) {unknown}
 C - a wand of disintegration (7) {unknown}
 O - a wand of frost (13) {unknown}
Comestibles
 d - 5 meat rations
 g - 8 bread rations
 p - a pear
 q - a choko
 x - 3 rotting chunks of giant frog flesh
 z - 2 rotting chunks of giant goldfish flesh
 E - a cheese
Scrolls
 e - 2 scrolls of fog
 f - 4 scrolls of remove curse {unknown}
 j - a scroll of teleportation
 m - 3 scrolls of magic mapping
 n - a scroll of blinking
 y - a scroll of identify
 A - a scroll of recharging {unknown}
Jewellery
 i - a ring of wizardry (right claw)
 r - a ring of protection from magic (left claw)
 t - an uncursed ring of fire
 v - an uncursed amulet of stasis
Potions
 b - 7 potions of curing
 c - a potion of heal wounds
 u - 3 potions of agility
 w - a potion of restore abilities
 D - a potion of flight
 G - a potion of magic
 H - a potion of might


   Skills:
 + Level 6.6 Fighting
 + Level 7.1 Throwing
 - Level 1.5 Dodging
 * Level 12.4 Unarmed Combat
 - Level 5.0 Invocations


You had 10 spell levels left.
You didn't know any spells.

Dungeon Overview and Level Annotations

Branches:
Dungeon (9/27)             Temple (0/1) D:6             Orc (0/4) D:6
   Lair (1/8) D:9

Altars:
Xom

Annotations:
D:6 exclusion: door
D:8 cure mut + large rocks


Innate Abilities, Weirdness & Mutations

You are too large for most types of armour.
You have claws for hands.
Your metabolism is lightning-fast.
You like to eat raw meat.
You heal very quickly.
You can eat rotten meat.
You are covered in fur (AC +1).
You have very tough skin (AC +2).
You have a pair of small horns on your head.
You have sharp toenails.
You are somewhat resistant to further mutation.


Message History

Aim: an eight-headed hydra (lightly wounded)
Okay, then.
You claw the wolf!
The wolf begins to bleed from its wounds!
You claw the wolf, but do no damage. Your headbutt misses the wolf.
The wolf is almost dead.
The wolf bites you.
* * * LOW HITPOINT WARNING * * *
You closely miss the wolf.
The wolf is almost dead.
The wolf closely misses you.
You claw the wolf!
You kill the wolf!
You rip one of the eight-headed hydra's heads off!
The seven-headed hydra grows two more!
You claw the nine-headed hydra!
The nine-headed hydra begins to bleed from its wounds!
You headbutt the nine-headed hydra.
The nine-headed hydra is moderately wounded.
The nine-headed hydra bites you!
You die...

..≈≈≈.#....# ###
≈.≈≈≈≈≈#....##..### .
.≈≈≈≈≈#..#.#......
#.#
≈≈≈≈≈≈............
..:
.≈≈≈≈≈..##.#h##.##
#%##.≈≈≈....#.#.##...
.....≈.........# ...
#...........####...
#@#fh...##F......#
#D##h...##...##..#
#h%.Fh............
####h..P#######..#
#.#.## .# #...# #.#.#
#S... #.....


You could see a nine-headed hydra (bleeding) and a wolf.

Vanquished Creatures
  An unseen horror (D:9)
  Joseph (D:7)
  A cyclops (D:8)
  3 wolves (Lair:1)
  A black mamba (Lair:1)
  2 spiny frogs (Lair:1)
  3 yaks (D:8)
  Eustachio (D:3)
  A hungry ghost (D:9)
  4 hippogriffs (D:9)
  Edmund (D:7)
  A manticore (D:8)
  A black bear (D:9)
  7 phantoms
  An ogre (D:7)
  3 orc warriors
  3 giant goldfish
  A crocodile (D:9)
  A sky beast (D:5)
  Sigmund (D:5)
  6 giant frogs
  2 centaurs
  A giant slug (Lair:1)
  Blork the orc (D:4)
  An agate snail (Lair:1)
  A cyclops zombie (D:9)
  8 wights
  2 jellyfish (D:6)
  2 crimson imps
  Crazy Yiuf (D:4)
  2 quasits
  3 hounds
  6 orc priests
  3 iguanas
  2 scorpions
  A gnoll shaman (D:8)
  3 worker ants
  3 orc wizards
  Ijyb (D:5)
  4 gnolls (D:8)
  10 adders
  A giant mite (D:4)
  2 lemures (D:3)
  13 worms
  A grey rat (D:3)
  2 giant eyeballs
  3 giant geckos
  3 oozes
  30 orcs
  A bat skeleton (D:4)
  3 giant cockroaches
  9 goblins
  12 hobgoblins
  9 jackals (D:2)
  9 quokkas
  2 ball pythons (D:2)
  17 bats
  2 giant newts
  A giant newt zombie (D:5)
  12 kobolds
  A kobold skeleton (D:4)
  A kobold zombie (D:7)
  A quokka skeleton (D:4)
  6 rats
242 creatures vanquished.

Vanquished Creatures (others)
  2 wolves (Lair:1)
  2 yaks (D:8)
  An ogre (D:5)
  A scorpion (D:5)
  5 green rats (Lair:1)
  An adder (D:5)
  A gnoll (D:8)
  A giant gecko (D:5)
  13 orcs
  3 rats
  A rat skeleton (D:8)
31 creatures vanquished.

Grand Total: 273 creatures vanquished

Notes
Turn   | Place    | Note
--------------------------------------------------------------
     0 | D:1      | MirrMurr, the Troll Healer, began the quest for the Orb.
     0 | D:1      | Reached XP level 1. HP: 20/20 MP: 2/2
   138 | D:1      | Reached skill level 1 in Unarmed Combat
   192 | D:1      | Reached XP level 2. HP: 26/28 MP: 3/3
   866 | D:2      | Reached XP level 3. HP: 35/35 MP: 4/4
  1508 | D:2      | Reached XP level 4. HP: 39/42 MP: 5/5
  1898 | D:3      | Reached skill level 4 in Invocations
  2033 | D:3      | Reached XP level 5. HP: 47/49 MP: 6/6
  2677 | D:4      | Noticed Eustachio
  2817 | D:3      | Killed Eustachio
  2817 | D:3      | Reached skill level 5 in Unarmed Combat
  2817 | D:3      | Reached XP level 6. HP: 53/58 MP: 8/8
  2986 | D:4      | Noticed Blork the orc
  3008 | D:4      | Killed Blork the orc
  3014 | D:4      | Reached skill level 5 in Invocations
  3102 | D:4      | Noticed Crazy Yiuf
  3120 | D:4      | Killed Crazy Yiuf
  3120 | D:4      | Reached skill level 6 in Unarmed Combat
  3120 | D:4      | Reached XP level 7. HP: 45/65 MP: 6/9
  3495 | D:5      | Entered Level 5 of the Dungeon
  3535 | D:5      | Upgraded the game from 0.13.0-11-g0187522 to 0.13.0-13-g27bfa31
  3625 | D:5      | Noticed Ijyb
  3631 | D:5      | Killed Ijyb
  3816 | D:5      | Noticed Sigmund
  3827 | D:5      | Killed Sigmund
  3843 | D:5      | Reached skill level 1 in Throwing
  4029 | D:5      | Reached skill level 7 in Unarmed Combat
  4100 | D:5      | Reached XP level 8. HP: 74/74 MP: 10/10
  4398 | D:6      | Found a shimmering altar of Xom.
  4615 | D:6      | Reached skill level 8 in Unarmed Combat
  4720 | D:6      | Found a staircase to the Orcish Mines.
  4850 | D:6      | Found a staircase to the Ecumenical Temple.
  5164 | D:7      | Gained mutation: You have a pair of small horns on your head. [potion of mutation]
  5164 | D:7      | Gained mutation: You are somewhat resistant to further mutation. [potion of mutation]
  5164 | D:7      | Gained mutation: You have sharp toenails. [potion of mutation]
  5260 | D:7      | Noticed Edmund
  5269 | D:7      | Killed Edmund
  5406 | D:7      | Noticed Joseph
  5428 | D:7      | Killed Joseph
  5428 | D:7      | Reached skill level 9 in Unarmed Combat
  5428 | D:7      | Reached XP level 9. HP: 73/83 MP: 12/12
  5454 | D:7      | Acquired Elyvilon's third power
  6126 | D:8      | Reached skill level 10 in Unarmed Combat
  6317 | D:8      | Reached skill level 5 in Throwing
  6324 | D:8      | Reached skill level 5 in Fighting
  6480 | D:8      | Was placed under penance by Elyvilon
  6840 | D:8      | Noticed a cyclops
  6854 | D:8      | Killed a cyclops
  6854 | D:8      | Reached XP level 10. HP: 70/93 MP: 13/13
  6952 | D:8      | Was forgiven by Elyvilon
  7074 | D:9      | Reached skill level 11 in Unarmed Combat
  7141 | D:9      | Found a staircase to the Lair.
  7199 | D:9      | Killed an unseen horror
  7860 | Lair:1   | Entered Level 1 of the Lair of Beasts
  7985 | Lair:1   | Reached skill level 12 in Unarmed Combat
  8353 | Lair:1   | Noticed an eight-headed hydra
  8357 | Lair:1   | Noticed a black mamba
  8381 | Lair:1   | Reached XP level 11. HP: 20/102 MP: 4/14
  8383 | Lair:1   | HP: 4/102 [black mamba (16)]
  8388 | Lair:1   | Killed a black mamba
  8399 | Lair:1   | Slain by a nine-headed hydra

Action                   |  1- 3 |  4- 6 |  7- 9 | 10-12 || total
-------------------------+-------+-------+-------+-------++-------
Melee: Unarmed           |   176 |   224 |   319 |   152 ||   871
Throw: Large rock        |       |       |       |     8 ||     8
Invok: Lesser Healing    |       |    10 |    76 |    71 ||   157
       Lesser Self-Heali |       |     1 |       |       ||     1
       Greater Healing   |       |       |     3 |     2 ||     5
       Greater Self-Heal |       |       |       |     5 ||     5
Evoke: Wand              |       |       |       |     1 ||     1
  Use: Scroll            |       |     4 |    17 |     1 ||    22
       Potion            |       |       |     6 |     4 ||    10
 Stab: Sleeping          |       |       |     1 |       ||     1
